 Dungeon Crawl Stone Soup version 0.31-a0-1001-g770356a28f (webtiles) character file.

Game seed: 13771152843757508012

5 Chiseanne the Grave Robber (level 1, -3/14 HPs)
             Began as a Demonspawn Wanderer on Nov 8, 2023.
             Slain by a kobold
             ... wielding a +1 whip of electrocution
              (17 damage)
             ... on level 1 of the Dungeon.
             The game lasted 00:00:39 (171 turns).

Chiseanne the Grave Robber (Demonspawn Wanderer)     Turns: 171, Time: 00:00:39

Health: -3/14      AC:  9    Str: 12    XL:     1   Next: 66%
Magic:  3/3        EV:  6    Int: 14    God:
Gold:   12         SH:  0    Dex: 11    Spells: 3/4 levels left

rFire   . . .        a - +0 dagger (venom)
rCold   . . .        (no shield)
rNeg    . . .        f - +0 chain mail
rPois   .            (no helmet)
rElec   .            (no cloak)
rCorr   .            b - +0 pair of gloves
SInv    .            (no boots)
Will    .....        (no amulet) Stlth
                     (no ring)
HPRegen 0.22/turn    (no ring)
MPRegen 0.08/turn

%: no passive effects
@: no status effects
A: no striking features
a: no special abilities


You were on level 1 of the Dungeon.
You visited 1 branch of the dungeon, and saw 1 of its levels.

You collected 12 gold pieces.

Inventory:

Hand Weapons
 a - a +0 dagger of venom (weapon)
 d - a +0 club
Armour
 b - a +0 pair of gloves (worn)
 f - a +0 chain mail (worn)
Scrolls
 c - a scroll of fear
Potions
 e - a potion of attraction


   Skills:
 * Level 0.8 Fighting
 * Level 2.0 Armour
 - Level 1.0 Stealth
 - Level 2.0 Spellcasting
 - Level 4.3 Necromancy
 - Level 1.0 Evocations


You had 3 spell levels left.
You knew the following spells:

 Your Spells              Type           Power      Damage    Failure   Level
a - Necrotise             Necr           52%        1d6       69%         1

Your spell library contained the following spells:

 Spells                   Type           Power      Damage    Failure   Level
 Sublimation of Blood     Necr           13%        N/A       83%         2
 Magic Dart               Conj           4%         1d3       99%         1
 Call Imp                 Summ           2%         N/A       100%        2
 Mephitic Cloud           Conj/Pois/Air  1%         N/A       100%        3
 Animate Dead             Necr           13%        N/A       100%        4


Dungeon Overview and Level Annotations

Branches:
Dungeon (1/15)

Altars:


Message History

Your Armour skill increases to level 2!
No target in view!
No target in view!
No target in view!
No target in view!
No target in view!
No target in view!
No target in view!
No target in view!
No target in view!
No target in view!
No target in view!
No target in view!
No target in view!
Found 9 gold pieces.
You now have 12 gold pieces.
A frilled lizard comes into view.
The frilled lizard hisses angrily.
A kobold comes into view.
It is wielding a +1 whip of electrocution.
You see here a +0 dagger of venom.
d - a +0 dagger of venom The kobold shouts!
Your +0 dagger of venom begins to drip with poison!
d - a +0 dagger of venom (weapon)
Adjust (i)tems, (s)pells, or (a)bilities?
d - a +0 dagger of venom (weapon)
Adjust to which letter? (? for menu, Esc to quit)
a - a +0 dagger of venom (weapon);
d - a +0 club
Okay, then.
The frilled lizard bites you but does no damage.
The frilled lizard attacks as it pursues you!
The frilled lizard barely misses you.
You hit the frilled lizard.
You kill the frilled lizard!
You barely miss the kobold. The kobold hits you but does no damage.
You hit the kobold.
The kobold is poisoned.
The kobold is moderately wounded.
The kobold hits you but does no damage.
You are electrocuted!
Ouch! That really hurt!
You die...

.............#
.............##
........#.....#
........#...#..
..>............#########
..........#....#........
........#....#.#........
....#+#K##...#.#......<.
$.$. #@.......#........
... #..#.....#........
.. #..#.#...######.>.
##............#...
#............##.⌠.
#...##........#...
#...##.##.....#.⌠.
#...##.###.#..#...
+#...##.....##.#.⌠.


You could see a kobold (very poisoned).

Vanquished Creatures
  2 endoplasms (D:1)
  A hobgoblin (D:1)
  A ball python (D:1)
  A frilled lizard (D:1)
5 creatures vanquished.

Notes
Turn   | Place    | Note
-------+----------+-------------------------------------------
     0 | D:1      | Chiseanne the Demonspawn Wanderer began the quest for the
                  | Orb.
     0 | D:1      | Chiseanne set off with the following items: a +0 club, a +0
                  | pair of gloves, a scroll of fear, a +0 robe, a potion of
                  | attraction; and the following spell memorised: Necrotise;
                  | and the following spells available to memorise: Sublimation
                  | of Blood, Animate Dead.
     0 | D:1      | Reached XP level 1. HP: 13/13 MP: 3/3
   171 | D:1      | Slain by a kobold

Illustrated notes

Levels and vault maps discovered:
D:1:      lemuel_arrival_hallway, layout_rooms, serial_shops, shop,
          nicolae_shop_hallway_stairs, shop, nicolae_shop_trees, shop

Skill      XL: |  1 |
---------------+----+-----
Armour         | 2 |  2.0
Fighting       | |  0.8
Stealth        | |  1.0
Spellcasting   | |  2.0
Necromancy     | |  4.3
Evocations     | |  1.0

Action                     || total
---------------------------++-------
  Melee: Club              ||    13
         Dagger            ||     3
 Armour: Chain mail        ||    12
  Dodge: Dodged            ||     2

Table legend: (Time is in decaauts)
 A = Elapsed time spent in this place.
 B = Non-inter-level travel time spent in this place.
 C = Inter-level travel time spent in this place.
 D = Time resting spent in this place.
 E = Time spent auto-exploring this place.
 F = Levels seen in this place.
 G = Mean time per level.
                   A        B        C        D        E       F      G
               +--------+--------+--------+--------+--------+-----+--------+
         Total |    174 |    174 |      0 |     64 |     47 |   1 |  174.0 |
       Dungeon |    174 |    174 |      0 |     64 |     47 |   1 |  174.0 |
               +--------+--------+--------+--------+--------+-----+--------+

Top non-repeatable levels by time:
     D:1: 174 daAuts
